 Dungeon Crawl Stone Soup version 0.20.1-1-g8b1a95d (webtiles) character file.

1991 KoningWillie the Spear-Bearer (level 9, -2/75 HPs)
             Began as a Minotaur Fighter on Sept 29, 2017.
             Killed by divine providence
             ... invoked by an orc priest
              (14 damage)
             ... on level 7 of the Dungeon.
             The game lasted 00:09:34 (5706 turns).

KoningWillie the Spear-Bearer (Minotaur Fighter)    Turns: 5706, Time: 00:09:35

Health: -2/75      AC:  9    Str: 25    XL:     9   Next: 1%
Magic:  0/8        EV: 10    Int:  5    God:
Gold:   311        SH:  0    Dex:  9    Spells: 8/8 levels left

rFire    . . .     SeeInvis .   d - +0 scythe
rCold    . . .     Gourm    .   (shield currently unavailable)
rNeg     . . .     Faith    .   b - +1 scale mail
rPois    .         Spirit   +   (helmet restricted)
rElec    .         Reflect  .   (no cloak)
rCorr    .         Harm     .   (no gloves)
MR       .....                  (no boots)
Stlth    ..........             i - amulet of guardian spirit
Regen    0.3/turn               (no ring)
MPRegen  0.2/turn               (no ring)

@: no status effects
A: retaliatory headbutt, horns 2
a: no special abilities


You were on level 7 of the Dungeon.
You were hungry.

You visited 1 branch of the dungeon, and saw 7 of its levels.
You also visited: Ossuary.

You collected 311 gold pieces.

Inventory:

Hand Weapons
 d - a +0 scythe (weapon)
 y - a +0 long sword
Missiles
 l - 77 arrows
Armour
 b - a +1 scale mail (worn)
 c - a +0 shield
Jewellery
 a - a cursed ring of loudness {unknown}
 i - an amulet of guardian spirit (around neck)
Wands
 h - a wand of random effects (18/48)
 r - a wand of polymorph (17/24)
 t - a wand of flame (31/48)
Scrolls
 m - a scroll of blinking
 n - 2 scrolls of enchant armour
 q - 4 scrolls of remove curse
 w - a scroll of enchant weapon {unknown}
 x - a scroll of random uselessness {unknown}
Potions
 e - a potion of agility
 f - a potion of degeneration
 g - a potion of resistance
 k - a potion of magic {unknown}
 o - 3 potions of haste
 p - a potion of lignification
 s - a potion of invisibility {unknown}
 u - a potion of curing
Comestibles
 j - 11 fruits
 v - a royal jelly


   Skills:
 + Level 6.1 Fighting
 - Level 5.1 Long Blades
 * Level 9.7 Polearms
 + Level 8.0 Armour
 - Level 4.2 Shields


You had 8 spell levels left.
You didn't know any spells.

Dungeon Overview and Level Annotations

Branches:
Dungeon (7/15)
 Temple: D:4-7

Altars:
Fedhas
Gozag
Makhleb
Qazlal
Sif Muna
Trog
Uskayaw
Xom
Yredelemnul
The Shining One

Annotations:
D:3 Internecine's ghost, amateur DsFi
D:4 Pikel


Innate Abilities, Weirdness & Mutations

You reflexively headbutt those who attack you in melee.
You have a pair of horns on your head.


Message History

Your Armour skill increases to level 8!
You have reached level 9!
Your experience leads to an increase in your attributes!
Increase (S)trength, (I)ntelligence, or (D)exterity?
You feel stronger. The phantom hits you. The hound closely misses you.
You miss the phantom.
The phantom is moderately damaged.
The hound bites you but does no damage. The phantom hits you.
The phantom blinks!
The hound bites you but does no damage.
The orc priest mumbles some strange prayers to Beogh against you.
Beogh smites you!
* * * LOW HITPOINT WARNING * * *
The orc priest looks braver for a moment.
The orc wizard mumbles some strange words.
The orc wizard flickers and vanishes!
Deactivating autopickup; reactivate with Ctrl-A.
The orc priest mumbles some strange prayers to Beogh against you.
Beogh smites you!
You die...

..# #........# #####'### ..#
#........####### #.#
..####........#.....###.#####
...........................>#
#.....).......#.._...########
#.###.#########.....##
#.###.####### #.....#
....)........ #...###
#.###<######. #§@## #†# ###
#h## #.# #†# #.# #{# #.. #o#
####


.oa o.... ....... ##### ..#..#### You could see a hound and 2 orc priests.

Vanquished Creatures
  Sigmund (D:4)
  A hungry ghost (D:7)
  A sky beast (D:5)
  A black bear (D:6)
  2 ice beasts
  An ogre (D:5)
  A phantom (D:6)
  4 centaurs
  5 bullfrogs
  A scorpion (D:4)
  2 crimson imps
  A jelly (D:5)
  A bullfrog zombie (D:6)
  2 orc priests (D:6)
  3 hounds
  3 worker ants
  A mummy (D:5)
  4 adders
  A shadow imp (D:6)
  An ooze (D:2)
  2 adder skeletons
  2 worms (D:2)
  A dart slug (D:3)
  3 leopard geckos
  11 orcs
  A ball python (D:1)
  4 giant cockroaches
  3 goblins
  4 hobgoblins
  10 jackals
  4 kobolds
  3 quokkas
  4 bats
  5 frilled lizards
  A jackal skeleton (D:7)
  A jackal zombie (D:5)
  A quokka skeleton (D:5)
  6 rats
103 creatures vanquished.

Notes
Turn   | Place    | Note
-------+----------+-------------------------------------------
     0 | D:1      | KoningWillie the Minotaur Fighter began the quest for the Orb.
     0 | D:1      | Reached XP level 1. HP: 19/19 MP: 0/0
   249 | D:1      | Reached XP level 2. HP: 27/27 MP: 1/1
   847 | D:2      | Found an opulent altar of Gozag.
   983 | D:2      | Found a faded altar of an unknown god.
  1082 | D:2      | Reached XP level 3. HP: 33/33 MP: 2/2
  1639 | D:3      | Noticed Internecine's ghost (amateur DsFi)
  1653 | D:4      | Noticed Sigmund
  1671 | D:4      | Killed Sigmund
  1671 | D:4      | Reached skill level 5 in Long Blades
  1671 | D:4      | Reached skill level 5 in Armour
  1671 | D:4      | Reached XP level 4. HP: 4/40 MP: 0/3
  1671 | D:4      | Reached XP level 5. HP: 4/46 MP: 0/4
  1990 | D:4      | Reached skill level 1 in Polearms
  1990 | D:4      | Reached XP level 6. HP: 27/53 MP: 3/5
  2494 | D:4      | Noticed Pikel
  2494 | D:4      | Noticed a slave
  2495 | D:4      | Noticed a slave
  2497 | D:5      | Entered Level 5 of the Dungeon
  2503 | D:5      | Noticed a sky beast
  2519 | D:5      | Killed a sky beast
  2519 | D:5      | Reached skill level 2 in Polearms
  2648 | D:5      | Reached skill level 3 in Polearms
  2773 | D:5      | Reached XP level 7. HP: 42/60 MP: 4/6
  2899 | D:5      | Reached skill level 5 in Fighting
  2899 | D:5      | Reached skill level 4 in Polearms
  3131 | D:5      | Found a sand-covered staircase.
  3138 | Ossuary  | Entered an ossuary
  3173 | D:5      | Reached skill level 5 in Polearms
  3222 | D:5      | Found an opulent altar of Gozag.
  3564 | D:6      | Reached skill level 6 in Polearms
  3631 | D:6      | Found a blossoming altar of Fedhas.
  3930 | D:6      | Reached XP level 8. HP: 66/68 MP: 7/7
  4143 | D:6      | Reached skill level 7 in Polearms
  4643 | D:6      | Found a deep blue altar of Sif Muna.
  4650 | D:6      | Found a stormy altar of Qazlal.
  4656 | D:6      | Found a burning altar of Makhleb.
  4667 | D:6      | Found a hide-covered altar of Uskayaw.
  4674 | D:6      | Found a bloodstained altar of Trog.
  4679 | D:6      | Found a shimmering altar of Xom.
  4686 | D:6      | Found a glowing golden altar of the Shining One.
  5059 | D:6      | Reached skill level 8 in Polearms
  5351 | D:7      | Reached skill level 9 in Polearms
  5637 | D:7      | Found a basalt altar of Yredelemnul.
  5704 | D:7      | Reached XP level 9. HP: 30/75 MP: 3/8
  5706 | D:7      | Killed from afar by an orc priest

Skill      XL: |  1  2  3  4  5  6  7  8 |
---------------+-------------------------+-----
Shields        | 4 |  4.2
Armour         | 4 5 6 8 |  8.0
Long Blades    | 5 |  5.1
Fighting       | 4 5 6 |  6.1
Polearms       | 1 3 6 9 |  9.7

Action                   |  1- 3 |  4- 6 |  7- 9 || total
-------------------------+-------+-------+-------++-------
Melee: Long sword        |    91 |       |       ||    91
       Headbutt          |    16 |     8 |    32 ||    56
       Scythe            |       |    69 |   190 ||   259
Evoke: Wand              |       |       |     1 ||     1
  Use: Scroll            |     7 |       |     2 ||     9
       Potion            |     2 |       |     3 ||     5
  Eat: Bread ration      |     1 |       |     3 ||     4
       Meat ration       |       |     1 |     2 ||     3
       Chunk             |       |       |     1 ||     1
Armor: Scale mail        |    36 |    66 |   135 ||   237
Dodge: Dodged            |    29 |    52 |   157 ||   238
Block: Shield            |    54 |       |       ||    54
       Rpst.: Long sword |     8 |       |       ||     8
